 Dungeon Crawl Stone Soup version 0.30.1-9-gdf580d7c3d (webtiles) character file.

Game seed: 10982226288770177119

416 booth the Chopper (level 6, -7/51 HPs)
             Began as a Gnoll Reaver on Oct 5, 2023.
             Mangled by an ogre
             ... wielding a +0 giant club
              (32 damage)
             ... on level 4 of the Dungeon.
             The game lasted 00:21:36 (3825 turns).

booth the Chopper (Gnoll Reaver)                    Turns: 3825, Time: 00:21:37

Health: -7/51      AC:  6    Str: 13    XL:     6   Next: 92%
Magic:  14/14      EV: 13    Int: 13    God:
Gold:   143        SH:  0    Dex: 10    Spells: 6/16 levels left

rFire   . . .        s - +0 war axe
rCold   . . .        (no shield)
rNeg    . . .        d - +2 robe {Archmagi}
rPois   .            n - +0 helmet
rElec   .            e - +0 cloak
rCorr   +            (no gloves)
SInv    .            (no boots)
Will    .....        (no amulet)
Stlth   ++           k - ring of resist corrosion
HPRegen 0.28/turn    (no ring)
MPRegen 0.14/turn

%: archmagi
@: lethally poisoned (-7 -> -20)
A: fangs 1, strong nose, distributed training
a: no special abilities


You were on level 4 of the Dungeon.
You visited 1 branch of the dungeon, and saw 4 of its levels.

You collected 143 gold pieces.

Inventory:

Hand Weapons
 a - a +0 hand axe
 g - a +2 whip of venom
 h - a +0 mace
 s - a +0 war axe (weapon)
Missiles
 l - 10 poisoned darts (quivered)
 t - 3 boomerangs
Armour
 b - a +0 leather armour
 c - a +0 ring mail
 d - a +2 robe of the Archmagi (worn)
 e - a +0 cloak (worn)
 n - a +0 helmet (worn)
Jewellery
 k - a ring of resist corrosion (left hand)
Wands
 r - a wand of flame (11)
Scrolls
 i - a scroll of fog {unknown}
 j - 5 scrolls of teleportation
 m - 2 scrolls of immolation
 o - a scroll of magic mapping {unknown}
 q - a scroll of identify
Potions
 f - 2 potions of brilliance
 p - a potion of mutation


   Skills:
 + Level 5.1 Fighting
 + Level 2.2 Short Blades
 + Level 2.2 Long Blades
 + Level 6.9 Axes
 + Level 2.2 Maces & Flails
 + Level 2.2 Polearms
 + Level 2.2 Staves
 + Level 2.2 Ranged Weapons
 + Level 2.2 Throwing
 + Level 2.2 Armour
 + Level 5.1 Dodging
 + Level 2.2 Stealth
 + Level 2.2 Shields
 + Level 2.2 Unarmed Combat
 + Level 5.5 Spellcasting
 + Level 5.7 Conjurations
 + Level 1.8 Hexes
 + Level 1.8 Summonings
 + Level 1.8 Necromancy
 + Level 1.8 Translocations
 + Level 1.8 Transmutations
 + Level 1.8 Fire Magic
 + Level 1.8 Ice Magic
 + Level 1.8 Air Magic
 + Level 1.8 Earth Magic
 + Level 1.8 Poison Magic
 + Level 2.5 Invocations
 + Level 2.2 Evocations


You had 6 spell levels left.
You knew the following spells:

 Your Spells              Type           Power      Damage    Failure   Level
a - Kiss of Death         Conj/Necr      80%        2d11      3%          1
b - Momentum Strike       Conj/Tloc      40%        3d9       5%          2
c - Hailstorm             Conj/Ice       20%        3d6       11%         3
d - Blink                 Tloc           24%        N/A       13%         2
e - Lesser Beckoning      Tloc           24%        N/A       13%         2

Your spell library contained the following spells:

 Spells                   Type           Power      Damage    Failure   Level


Dungeon Overview and Level Annotations

Branches:
Dungeon (4/15)
 Temple: D:4-7

Altars:
Nemelex Xobeh

Portals:
Sewer: D:4


Innate Abilities, Weirdness & Mutations

You have very sharp teeth.
Your uncanny sense of smell can sniff out nearby items.
Your experience applies equally to all skills.


Message History

You barely miss something. You bite something. Something hits you.
You miss something.
An orc wizard appears from thin air!
Reactivating autopickup.
The orc wizard casts a spell at you. The magic dart hits you!
An ogre comes into view. It is wielding a +0 giant club.
The ogre shouts!
You slash the orc wizard!
The orc wizard is almost dead.
The orc wizard barely misses you.
The orc wizard casts a spell.
The orc wizard flickers and vanishes!
Deactivating autopickup; reactivate with Ctrl-A.
You hit something.
Reactivating autopickup.
You feel a bit more experienced.
Your life force feels restored.
You closely miss the scorpion. You hit the ogre but do no damage.
The scorpion barely misses you. The ogre closely misses you.
You slash the scorpion!
You bite the scorpion, but do no damage.
The scorpion is heavily wounded.
You slash the ogre! The scorpion misses you. x2
The ogre hits you with a +0 giant club!
You hit the scorpion.
The scorpion is almost dead.
You hit the ogre.
The scorpion stings you but does no damage.
You hit the scorpion but do no damage.
The scorpion is almost dead.
You hit the ogre. The ogre completely misses you.
The scorpion stings you but does no damage.
You closely miss the scorpion.
The scorpion is almost dead.
You hit the ogre. The scorpion stings you.
You are poisoned.
The scorpion poisons you!
The ogre hits you with a +0 giant club!!
Ouch! That really hurt!
You die...

#.#.##~~~~~##.#..
#.#.##~~~≈≈##.#.#
##.#.~~.....≈≈.#.#
.....~~.....~~~#(#
.....~≈.~∩..~~...#
.oo..~~.....~~...#
.)..~~~.....~~.#†#
$.<..##~~.~~##.#s#
.....##~~.~~##.#@#
........~......#O#
......###..#.###.#
.....[# ##. #..
......# ###
......# ......#


You could see an ogre and a scorpion.

Vanquished Creatures
  Sigmund (D:2)
  Crazy Yiuf (D:3)
  3 orc wizards
  Natasha (twice) (D:3)
  Robin (D:3)
  An adder (D:3)
  2 ufetubi (D:4)
  2 worms
  2 dart slugs
  3 orcs
  8 endoplasms
  6 giant cockroaches
  10 goblins
  8 hobgoblins
  4 kobolds
  2 quokkas
  9 ball pythons
  4 bats
  2 frilled lizards
  4 rats
75 creatures vanquished.

Notes
Turn   | Place    | Note
-------+----------+-------------------------------------------
     0 | D:1      | booth the Gnoll Reaver began the quest for the Orb.
     0 | D:1      | Reached XP level 1. HP: 20/20 MP: 6/6
   571 | D:1      | Reached XP level 2. HP: 26/26 MP: 7/7
   965 | D:2      | Noticed Sigmund
   975 | D:2      | Killed Sigmund
   976 | D:2      | Reached skill level 1 in Short Blades
   976 | D:2      | Reached skill level 1 in Long Blades
   976 | D:2      | Reached skill level 1 in Maces & Flails
   976 | D:2      | Reached skill level 1 in Polearms
   976 | D:2      | Reached skill level 1 in Staves
   976 | D:2      | Reached skill level 1 in Ranged Weapons
   976 | D:2      | Reached skill level 1 in Throwing
   976 | D:2      | Reached skill level 1 in Armour
   976 | D:2      | Reached skill level 1 in Stealth
   976 | D:2      | Reached skill level 1 in Shields
   976 | D:2      | Reached skill level 1 in Unarmed Combat
   976 | D:2      | Reached skill level 5 in Spellcasting
   976 | D:2      | Reached skill level 1 in Hexes
   976 | D:2      | Reached skill level 1 in Summonings
   976 | D:2      | Reached skill level 1 in Necromancy
   976 | D:2      | Reached skill level 1 in Translocations
   976 | D:2      | Reached skill level 1 in Transmutations
   976 | D:2      | Reached skill level 1 in Fire Magic
   976 | D:2      | Reached skill level 1 in Ice Magic
   976 | D:2      | Reached skill level 1 in Air Magic
   976 | D:2      | Reached skill level 1 in Earth Magic
   976 | D:2      | Reached skill level 1 in Poison Magic
   976 | D:2      | Reached skill level 1 in Invocations
   976 | D:2      | Reached skill level 1 in Evocations
   976 | D:2      | Reached XP level 3. HP: 10/32 MP: 6/9
   976 | D:2      | Reached XP level 4. HP: 12/38 MP: 7/11
   976 | D:2      | Reached XP level 5. HP: 13/43 MP: 7/12
  1271 | D:2      | Learned a level 2 spell: Momentum Strike
  1275 | D:2      | Learned a level 3 spell: Hailstorm
  1278 | D:2      | Learned a level 2 spell: Blink
  1707 | D:3      | Noticed Natasha
  1738 | D:3      | HP: 2/43 [cerulean imp/+2 spear[Natasha] (1)]
  1741 | D:3      | Killed Natasha
  1989 | D:3      | Found a sparkling altar of Nemelex Xobeh.
  2147 | D:3      | Noticed Robin
  2166 | D:3      | Reached XP level 6. HP: 17/49 MP: 13/13
  2179 | D:3      | Killed Robin
  2196 | D:3      | Noticed Natasha
  2404 | D:3      | Reached skill level 5 in Fighting
  2404 | D:3      | Reached skill level 5 in Dodging
  2466 | D:3      | Found a runed translucent door.
  2467 | D:3      | Noticed Crazy Yiuf
  2779 | D:3      | Killed Natasha
  3222 | D:3      | HP: 1/46 [Crazy Yiuf/+2 quarterstaff of chaos (13)]
  3223 | D:3      | Killed Crazy Yiuf
  3402 | D:3      | Learned a level 2 spell: Lesser Beckoning
  3433 | D:4      | Found a glowing drain.
  3825 | D:4      | Mangled by an ogre

Illustrated notes

Levels and vault maps discovered:
D:1:      arrival_zaba_pyramid, layout_basic
D:2:      layout_loops_ring, minmay_3d_cube, uniq_sigmund
D:3:      layout_basic, nicolae_overflow_crystal_walls, uniq_natasha,
          uniq_crazy_yiuf_cottage, uniq_robin
D:4:      layout_loops_ring, trog_ov_bears_minmay,
          cheibrodos_sewer_entry_sluice, grunt_decor_clamped,
          grunt_decor_resistance

Skill      XL: |  1  2  3  4  5  6 |
---------------+-------------------+-----
Short Blades   | 1 2 |  2.2
Long Blades    | 1 2 |  2.2
Maces & Flails | 1 2 |  2.2
Polearms       | 1 2 |  2.2
Staves         | 1 2 |  2.2
Ranged Weapons | 1 2 |  2.2
Throwing       | 1 2 |  2.2
Armour         | 1 2 |  2.2
Stealth        | 1 2 |  2.2
Shields        | 1 2 |  2.2
Unarmed Combat | 1 2 |  2.2
Spellcasting   | 5 |  5.5
Hexes          | 1 |  1.8
Summonings     | 1 |  1.8
Necromancy     | 1 |  1.8
Translocations | 1 |  1.8
Transmutations | 1 |  1.8
Fire Magic     | 1 |  1.8
Ice Magic      | 1 |  1.8
Air Magic      | 1 |  1.8
Earth Magic    | 1 |  1.8
Poison Magic   | 1 |  1.8
Invocations    | 1 2 |  2.5
Evocations     | 1 2 |  2.2
Fighting       | 5 |  5.1
Dodging        | 5 |  5.1
Axes           | |  6.9
Conjurations   | |  5.7

Action                     |  1- 3 |  4- 6 || total
---------------------------+-------+-------++-------
  Melee: Hand axe          |    16 |    88 ||   104
         Whip              |    23 |    93 ||   116
         Bite              |     4 |    22 ||    26
         War axe           |       |    39 ||    39
         Punch             |       |     1 ||     1
  Throw: Dart              |       |    13 ||    13
   Cast: Kiss of Death     |     1 |     1 ||     2
         Momentum Strike   |       |     1 ||     1
    Use: Scroll            |     5 |     2 ||     7
         Potion            |       |     6 ||     6
   Stab: Sleeping          |       |     3 ||     3
 Armour: Ring mail         |     8 |       ||     8
         Robe              |       |    76 ||    76
  Dodge: Dodged            |    16 |   195 ||   211
